MWL (24 & UNDER)
MANHATTEN MEATHEADS @ BARRY'S BAY ORIOLES
08/14/2024
 
TOP OF THE 1ST
Manhatten Meatheads batting - Pitching for Barry's Bay Orioles : RHP Wilson Molina
Pitching: RHP Wilson Molina
Batting: RHB Ramón Ybarra 0-0: Called Strike
0-1: Called Strike
0-2: Ball
1-2: Ball
2-2: Ball
3-2: Foul Ball, location: 2F
3-2: Foul Ball, location: 2F
3-2: SINGLE (Line Drive, 6)
Batting: RHB Mark McDonald 0-0: Ball
1-0: Ball
2-0: Foul Ball, location: 2F
2-1: Swinging Strike
2-2: Ball
3-2: Foul Ball, location: 2F
3-2: Strikes out swinging
Batting: RHB Juan Reyes 0-0: Called Strike
0-1: Called Strike
0-2: Strikes out looking
Batting: RHB Alfredo Díaz 0-0: Ball
1-0: Called Strike
1-1: Fly out, F7 (Flyball, 7M)
Top of the 1st over - 0 run(s), 1 hit(s), 0 error(s), 1 left on base; Manhatten 0 - Barry's Bay 0
BOTTOM OF THE 1ST
Barry's Bay Orioles batting - Pitching for Manhatten Meatheads : LHP José Acevedo
Pitching: LHP José Acevedo
Batting: LHB Javier Orozco 0-0: Called Strike
0-1: Fly out, F8 (Flyball, 8RM)
Batting: RHB Curt Wagner 0-0: Ball
1-0: Called Strike
1-1: SINGLE (Groundball, 56D)
Batting: LHB William Wolf 0-0: Swinging Strike
0-1: Grounds into double play, 6-4-3 (Groundball, 6)
Bottom of the 1st over - 0 run(s), 1 hit(s), 0 error(s), 0 left on base; Manhatten 0 - Barry's Bay 0
TOP OF THE 2ND
Manhatten Meatheads batting - Pitching for Barry's Bay Orioles : RHP Wilson Molina
Batting: RHB Doug Coleman 0-0: Fly out, F7 (Flyball, 7LM)
Batting: SHB Will Evans 0-0: Fly out, F8 (Flyball, 8LM)
Batting: SHB León Glaviz 0-0: Ball
1-0: Ball
2-0: Called Strike
2-1: Ball
3-1: Called Strike
3-2: Fly out, F7 (Flyball, 7LS)
Top of the 2nd over - 0 run(s), 0 hit(s), 0 error(s), 0 left on base; Manhatten 0 - Barry's Bay 0
BOTTOM OF THE 2ND
Barry's Bay Orioles batting - Pitching for Manhatten Meatheads : LHP José Acevedo
Batting: LHB John Horton 0-0: Ball
1-0: Ball
2-0: Called Strike
2-1: Ball
3-1: SINGLE (Flyball, 7S)
Batting: RHB Tom Hughes 0-0: Ball
1-0: Ball
2-0: Ball
3-0: Called Strike
3-1: Called Strike
3-2: Strikes out swinging
Batting: RHB Jeremy Flemming 0-0: Ball
1-0: Ball
2-0: Foul Ball, location: 2F
2-1: Foul Ball, location: 2F
2-2: Foul Ball, location: 2F
2-2: Foul Ball, location: 2F
2-2: Foul Ball, location: 2F
2-2: Grounds into double play, 6-4-3 (Groundball, 6M)
Bottom of the 2nd over - 0 run(s), 1 hit(s), 0 error(s), 0 left on base; Manhatten 0 - Barry's Bay 0
TOP OF THE 3RD
Manhatten Meatheads batting - Pitching for Barry's Bay Orioles : RHP Wilson Molina
Batting: RHB Greg Lee 0-0: Swinging Strike
0-1: Called Strike
0-2: Ball
1-2: Ground out 6-3 (Groundball, 6M)
Batting: RHB Denver Baker 0-0: Ball
1-0: SINGLE (Groundball, 56D)
Batting: RHB Ramón Ybarra 0-0: Ball
1-0: Foul Ball, location: 2F
1-1: Foul Ball, location: 2F
1-2: Ball
2-2: Ball
3-2: Foul Ball, location: 2F
3-2: Foul Ball, location: 2F
3-2: Strikes out swinging
Batting: RHB Mark McDonald 0-0: Ball
1-0: Ground out U3 (Groundball, 3L)
Top of the 3rd over - 0 run(s), 1 hit(s), 0 error(s), 1 left on base; Manhatten 0 - Barry's Bay 0
BOTTOM OF THE 3RD
Barry's Bay Orioles batting - Pitching for Manhatten Meatheads : LHP José Acevedo
Batting: RHB Tommy Wilson 0-0: Ball
1-0: Called Strike
1-1: Ball
2-1: Ball
3-1: Ground out 6-3 (Groundball, 6)
Batting: SHB Walt Simmons 0-0: Ball
1-0: Ball
2-0: Called Strike
2-1: Ball
3-1: Foul Ball, location: 2F
3-2: Strikes out swinging
Batting: LHB Carlos Romero 0-0: Foul Ball, location: 2F
0-1: Foul Ball, location: 2F
0-2: Ball
1-2: Ball
2-2: Foul Ball, location: 2F
2-2: Foul Ball, location: 2F
2-2: Foul Ball, location: 2F
2-2: Ball
3-2: Strikes out swinging
Bottom of the 3rd over - 0 run(s), 0 hit(s), 0 error(s), 0 left on base; Manhatten 0 - Barry's Bay 0
TOP OF THE 4TH
Manhatten Meatheads batting - Pitching for Barry's Bay Orioles : RHP Wilson Molina
Batting: RHB Juan Reyes 0-0: Ball
1-0: Ball
2-0: Ball
3-0: Base on Balls
Batting: RHB Alfredo Díaz 0-0: Called Strike
0-1: Swinging Strike
0-2: Ball
1-2: Foul Ball, location: 2F
1-2: Ball
2-2: Ball
3-2: Strikes out looking
Juan Reyes is caught stealing 2nd base
Batter strikes out.
Batting: RHB Doug Coleman 0-0: Called Strike
0-1: Swinging Strike
0-2: SINGLE (Line Drive, 34D)
Batting: SHB Will Evans 0-0: Ball
1-0: Foul Ball, location: 2F
1-1: Swinging Strike
1-2: Ball
2-2: Ball
3-2: Strikes out swinging
Top of the 4th over - 0 run(s), 1 hit(s), 0 error(s), 1 left on base; Manhatten 0 - Barry's Bay 0
BOTTOM OF THE 4TH
Barry's Bay Orioles batting - Pitching for Manhatten Meatheads : LHP José Acevedo
Batting: LHB Javier Orozco 0-0: Called Strike
0-1: Fly out, F8 (Line Drive, 8LM)
Batting: RHB Curt Wagner 0-0: Ball
1-0: Ball
2-0: Called Strike
2-1: Fly out, F7 (Line Drive, 7S)
Batting: LHB William Wolf 0-0: Called Strike
0-1: Swinging Strike
0-2: Ball
1-2: Ball
2-2: Foul Ball, location: 2F
2-2: Foul Ball, location: 2F
2-2: Ball
3-2: Strikes out looking
Bottom of the 4th over - 0 run(s), 0 hit(s), 0 error(s), 0 left on base; Manhatten 0 - Barry's Bay 0
TOP OF THE 5TH
Manhatten Meatheads batting - Pitching for Barry's Bay Orioles : RHP Wilson Molina
Batting: SHB León Glaviz 0-0: Called Strike
0-1: SINGLE (Line Drive, 89S)
Batting: RHB Greg Lee 0-0: Ball
1-0: Grounds into double play, U6-3 (Groundball, 6M)
Batting: RHB Denver Baker 0-0: Ball
1-0: Fly out, F9 (Flyball, 89M)
Top of the 5th over - 0 run(s), 1 hit(s), 0 error(s), 0 left on base; Manhatten 0 - Barry's Bay 0
BOTTOM OF THE 5TH
Barry's Bay Orioles batting - Pitching for Manhatten Meatheads : LHP José Acevedo
Batting: LHB John Horton 0-0: Ball
1-0: Ball
2-0: DOUBLE (Flyball, 7M)
Batting: RHB Tom Hughes 0-0: Called Strike
0-1: Ground out 4-3 (Groundball, 4M)
John Horton to third
Batting: RHB Jeremy Flemming 0-0: Ball
1-0: Fly out, F8 (Flyball, 8LS)
Batting: RHB Tommy Wilson 0-0: Ball
1-0: Swinging Strike
1-1: Called Strike
1-2: Ball
2-2: DOUBLE (Groundball, 3D)
John Horton scores
Batting: SHB Walt Simmons 0-0: Fly out, F9 (Flyball, 9LM)
Bottom of the 5th over - 1 run(s), 2 hit(s), 0 error(s), 1 left on base; Manhatten 0 - Barry's Bay 1
TOP OF THE 6TH
Manhatten Meatheads batting - Pitching for Barry's Bay Orioles : RHP Wilson Molina
Batting: RHB Ramón Ybarra 0-0: Ball
1-0: Called Strike
1-1: Ball
2-1: Swinging Strike
2-2: Foul Ball, location: 2F
2-2: Foul Ball, location: 2F
2-2: Foul Ball, location: 2F
2-2: Ball
3-2: Strikes out swinging
Batting: RHB Mark McDonald 0-0: Called Strike
0-1: Ball
1-1: Swinging Strike
1-2: Ball
2-2: Ball
3-2: SINGLE (Groundball, 6MD)
Pitching: RHP Daniel Washington
Batting: RHB Juan Reyes 0-0: Called Strike
0-1: Swinging Strike
0-2: Strikes out swinging
Batting: RHB Alfredo Díaz 0-0: Fly out, F8 (Flyball, 78D)
Top of the 6th over - 0 run(s), 1 hit(s), 0 error(s), 1 left on base; Manhatten 0 - Barry's Bay 1
BOTTOM OF THE 6TH
Barry's Bay Orioles batting - Pitching for Manhatten Meatheads : LHP José Acevedo
Batting: LHB Carlos Romero 0-0: Ball
1-0: Foul Ball, location: 2F
1-1: Foul Ball, location: 2F
1-2: Fly out, F5 (Popup, 5F)
Batting: LHB Javier Orozco 0-0: Foul Ball, location: 2F
0-1: Swinging Strike
0-2: Strikes out swinging
Batting: RHB Curt Wagner 0-0: Ball
1-0: Called Strike
1-1: Fly out, F9 (Flyball, 9M)
Bottom of the 6th over - 0 run(s), 0 hit(s), 0 error(s), 0 left on base; Manhatten 0 - Barry's Bay 1
TOP OF THE 7TH
Manhatten Meatheads batting - Pitching for Barry's Bay Orioles : RHP Daniel Washington
Batting: RHB Doug Coleman 0-0: Ground out 6-3 (Groundball, 6)
Batting: SHB Will Evans 0-0: Foul Ball, location: 2F
0-1: Called Strike
0-2: Ball
1-2: Ball
2-2: Ball
3-2: Base on Balls
Batting: SHB León Glaviz 0-0: Ball
1-0: Swinging Strike
1-1: Called Strike
1-2: Strikes out looking
Will Evans steals 2nd base
Batter strikes out.
Batting: RHB Greg Lee 0-0: Swinging Strike
0-1: Called Strike
0-2: Ball
1-2: Ball
2-2: Ball
3-2: Base on Balls
Pinch Hitting: SHB Kent Phillips 0-0: Fly out, F9 (Flyball, 9M)
Top of the 7th over - 0 run(s), 0 hit(s), 0 error(s), 2 left on base; Manhatten 0 - Barry's Bay 1
BOTTOM OF THE 7TH
Barry's Bay Orioles batting - Pitching for Manhatten Meatheads : LHP José Acevedo
Pitching: LHP Pedro Cruz
Now in RF: José Sousa
Batting: LHB William Wolf 0-0: Ball
1-0: Called Strike
1-1: Ball
2-1: Foul Ball, location: 2F
2-2: Fly out, F7 (Flyball, 78M)
Batting: LHB John Horton 0-0: Swinging Strike
0-1: Ball
1-1: Swinging Strike
1-2: Foul Ball, location: 2F
1-2: Strikes out swinging
Batting: RHB Tom Hughes 0-0: Called Strike
0-1: Ball
1-1: Called Strike
1-2: Strikes out swinging
Bottom of the 7th over - 0 run(s), 0 hit(s), 0 error(s), 0 left on base; Manhatten 0 - Barry's Bay 1
TOP OF THE 8TH
Manhatten Meatheads batting - Pitching for Barry's Bay Orioles : RHP Daniel Washington
Pitching: RHP Alfredo López
Now in LF: Juan Méndez
Batting: RHB Ramón Ybarra 0-0: SINGLE (Groundball, 4M)
Pinch Runner at 1st Vitaliano Capuana:
Pinch Hitting: RHB Júlio Galló 0-0: Sac Bunt - play at first, batter OUT! 1-4
Vitaliano Capuana to second
Batting: RHB Juan Reyes 0-0: Ball
1-0: Ball
2-0: Fly out, F9 (Flyball, 9LD)
Runner from 2nd tags up, SAFE at 3rd, no throw
Batting: RHB Alfredo Díaz 0-0: Foul Ball, location: 2F
0-1: Fly out, F8 (Flyball, 8LM)
Top of the 8th over - 0 run(s), 1 hit(s), 0 error(s), 1 left on base; Manhatten 0 - Barry's Bay 1
BOTTOM OF THE 8TH
Barry's Bay Orioles batting - Pitching for Manhatten Meatheads : LHP Pedro Cruz
Now at 3B: Vitaliano Capuana
Now in CF: Cornell Payne
Batting: RHB Jeremy Flemming 0-0: Swinging Strike
0-1: Swinging Strike
0-2: Strikes out swinging
Batting: RHB Tommy Wilson 0-0: Ball
1-0: Ball
2-0: Ball
3-0: Base on Balls
Pinch Hitting: RHB Shaun Puckett 0-0: Ball
1-0: Foul Ball, location: 2F
1-1: Swinging Strike
1-2: SINGLE (Line Drive, 4M)
Tommy Wilson to second
Pinch Runner at 2nd Juan Castillo:
Pinch Hitting: RHB Brian Parks 0-0: Ball
1-0: Foul Ball, location: 2F
1-1: Fly out, F7 (Flyball, 7LMF)
Batting: LHB Javier Orozco 0-0: Foul Ball, location: 2F
0-1: Ground out 3-1 (Groundball, 34)
Bottom of the 8th over - 0 run(s), 1 hit(s), 0 error(s), 2 left on base; Manhatten 0 - Barry's Bay 1
TOP OF THE 9TH
Manhatten Meatheads batting - Pitching for Barry's Bay Orioles : RHP Alfredo López
Pitching: RHP Augusto Ruíz
Now at 1B: Martin Short
Now at 3B: Juan Romero
Batting: RHB Doug Coleman 0-0: DOUBLE (Flyball, 9LS)
Batting: SHB Will Evans 0-0: Ball
1-0: Ball
2-0: Ball
3-0: Swinging Strike
3-1: Foul Ball, location: 2F
3-2: Base on Balls
Batting: SHB León Glaviz 0-0: Swinging Strike
0-1: Swinging Strike
0-2: Strikes out swinging
Batting: RHB Greg Lee 0-0: Ground out 5-3 (Groundball, 5L)
Doug Coleman to third
Will Evans to second
Batting: SHB José Sousa 0-0: Foul Ball, location: 2F
0-1: Ball
1-1: Ball
2-1: SINGLE (Line Drive, 9LS)
Doug Coleman scores
Will Evans to third
Batting: SHB Vitaliano Capuana 0-0: Ball
1-0: Ball
2-0: Fly out, F8 (Flyball, 8LS)
Top of the 9th over - 1 run(s), 2 hit(s), 0 error(s), 2 left on base; Manhatten 1 - Barry's Bay 1
BOTTOM OF THE 9TH
Barry's Bay Orioles batting - Pitching for Manhatten Meatheads : LHP Pedro Cruz
Batting: RHB Curt Wagner 0-0: Called Strike
0-1: Ball
1-1: Ball
2-1: Swinging Strike
2-2: Strikes out swinging
Batting: RHB Juan Méndez 0-0: Ball
1-0: Called Strike
1-1: Foul Ball, location: 2F
1-2: Foul Ball, location: 2F
1-2: Strikes out looking
Pitching: RHP John Jones
Batting: LHB John Horton 0-0: Called Strike
0-1: SINGLE (Groundball, 6MD)
Batting: RHB Tom Hughes 0-0: Ball
1-0: Called Strike
1-1: Ball
2-1: Fly out, F4 (Popup, 8LS)
Bottom of the 9th over - 0 run(s), 1 hit(s), 0 error(s), 1 left on base; Manhatten 1 - Barry's Bay 1
TOP OF THE 10TH
Manhatten Meatheads batting - Pitching for Barry's Bay Orioles : RHP Augusto Ruíz
Batting: SHB Cornell Payne 0-0: Swinging Strike
0-1: Ball
1-1: Swinging Strike
1-2: Strikes out swinging
Batting: RHB Juan Reyes 0-0: Ball
1-0: Foul Ball, location: 2F
1-1: Swinging Strike
1-2: Hit by Pitch
Batting: RHB Alfredo Díaz 0-0: Foul Ball, location: 2F
0-1: Called Strike
0-2: Ball
1-2: Fielders Choice at 2nd, 1-6 (Groundball, 13S)
Batting: RHB Doug Coleman 0-0: Ball
1-0: Called Strike
1-1: Ball
2-1: Swinging Strike
2-2: Foul Ball, location: 2F
2-2: Strikes out looking
Top of the 10th over - 0 run(s), 0 hit(s), 0 error(s), 1 left on base; Manhatten 1 - Barry's Bay 1
BOTTOM OF THE 10TH
Barry's Bay Orioles batting - Pitching for Manhatten Meatheads : RHP John Jones
Pinch Hitting: LHB Dave Gordon 0-0: Ground out 3-1 (Groundball, 34)
Batting: RHB Juan Castillo 0-0: SINGLE (Line Drive, 8RS)
Batting: LHB Martin Short 0-0: Ball
1-0: Foul Ball, location: 2F
1-1: Swinging Strike
1-2: Strikes out swinging
Batting: LHB Juan Romero 0-0: Ball
1-0: Ball
2-0: Ball
3-0: Base on Balls
Juan Castillo to second
Pitching: RHP Doug Cole
Batting: LHB Javier Orozco 0-0: Foul Ball, location: 2F
0-1: SINGLE (Line Drive, 89M)
Juan Castillo to third
Juan Romero to second
Runner from 3rd tries for Home, SAFE, no throw or cutoff
This league is powered by Out of the Park Baseball, the baseball management simulation game for PC, Mac and Linux
Saturday, April 9th, 2016 - OOTP Baseball 16.8 Build 38